 Dungeon Crawl Stone Soup version 0.23.0 (webtiles) character file.

Game seed: 1250556316523196810

371 Infinimo the Archer (level 6, 0/52 HPs)
             Began as a Centaur Hunter on Feb 17, 2019.
             Slain by an orc wizard
             ... wielding a +0 dagger of draining
              (2 damage)
             ... on level 4 of the Dungeon.
             The game lasted 00:04:23 (4900 turns).

Infinimo the Archer (Centaur Hunter)                Turns: 4900, Time: 00:04:23

Health: 0/52       AC:  4    Str: 16    XL:     6   Next: 42%
Magic:  6/6        EV:  9    Int: 10    God:
Gold:   144        SH:  0    Dex: 10    Spells: 5/5 levels left

rFire    . . .     SeeInvis .   a - +1 shortbow
rCold    . . .     Gourm    .   (shield currently unavailable)
rNeg     . . .     Faith    .   c - +0 leather armour
rPois    .         Spirit   .   (no helmet)
rElec    .         Reflect  .   (no cloak)
rCorr    .         Harm     .   (no gloves)
MR       .....                  (no barding)
Stlth    ..........             (no amulet)
HPRegen  0.17/turn              (no ring)
MPRegen  0.10/turn              (no ring)

@: slowed, heavily drained
A: large, hooves 3, deformed body, speed 2, tough skin 3
a: no special abilities


You were on level 4 of the Dungeon.
You were not hungry.

You visited 1 branch of the dungeon, and saw 4 of its levels.

You collected 144 gold pieces.

Inventory:

Hand Weapons
 a - a +1 shortbow (weapon)
 b - a +0 short sword
Missiles
 d - 60 arrows (quivered)
Armour
 c - a +0 leather armour (worn)
Jewellery
 l - a cursed -2 ring of strength {unknown}
 n - a +4 ring of strength {unknown}
Scrolls
 e - 2 scrolls of amnesia
 g - a scroll of remove curse
 h - 4 scrolls of teleportation {unknown}
 i - a scroll of blinking {unknown}
 m - 2 scrolls of identify {unknown}
 o - a scroll of random uselessness {unknown}
 q - 2 scrolls of magic mapping {unknown}
 t - 2 scrolls of immolation {unknown}
 v - a scroll of fear {unknown}
Potions
 j - 2 potions of brilliance {unknown}
 k - a potion of flight {unknown}
 p - 3 potions of heal wounds {unknown}
 r - a potion of cancellation {unknown}
 s - a potion of might {unknown}
Comestibles
 f - 3 rations


   Skills:
 + Level 3.8(2.5) Fighting
 * Level 8.2(6.7) Bows
 + Level 2.7(1.5) Dodging
 - Level 0.4(0.0) Stealth


You had 5 spell levels left.
You didn't know any spells.
Your spell library was empty.

Dungeon Overview and Level Annotations

Branches:
Dungeon (4/15)
 Temple: D:4-7

Altars:
Elyvilon
Nemelex Xobeh
Xom
Yredelemnul
The Shining One

Annotations:
D:4 Robin


Innate Abilities, Weirdness & Mutations

You have hooves in place of feet.
Armour fits poorly on your strangely shaped body.
You cover ground very quickly.
You have extremely tough skin. (AC +3)


Message History

As you read the scroll labeled PIEHI FENYGH, it crumbles to dust.
It is a scroll of amnesia.
You feel forgetful for a moment.
The orc wizard hits you with a +0 dagger of draining.
* * * LOW HITPOINT WARNING * * *
You feel drained.
The orc wizard hits you with a +2 dagger of speed.
* * * LOW HITPOINT WARNING * * *
The orc wizard hits you with a +0 dagger of draining.
* * * LOW HITPOINT WARNING * * *
You feel drained.
As you read the scroll labeled TIV LYRAWNENAIWI, it crumbles to dust.
You feel blessed for a moment.
It was a scroll of remove curse.
The orc wizard hits you with a +0 dagger of draining.
* * * LOW HITPOINT WARNING * * *
You feel drained.
The orc wizard hits you with a +2 dagger of speed.
* * * LOW HITPOINT WARNING * * *
The orc wizard hits you with a +0 dagger of draining.
You die...

................#...#.........###
................#...#............
................##'##...........)
.#########.......................
.#.......#.......................
.#.......#.......................
.#.......'.......................
.'.......#.......................
.#########.....o@o..((((((.(.....
..............#####+########.....
..............# #....'.....
..............# #....#.....
..............# #....#.....
..............+ #....#o....
..............####+ ########o....
##'####'###..............o.......
.....#....#.............o........


You could see 2 orc wizards.

Vanquished Creatures
  A vampire bat (D:3)
  A crimson imp (D:3)
  An orc wizard (D:4)
  3 worker ants (D:4)
  3 adders
  4 oozes
  A worm (D:4)
  A dart slug (D:1)
  3 fire bats (D:3)
  4 leopard geckos
  4 orcs (D:4)
  2 spectral bats (D:3)
  2 ball pythons
  3 bat skeletons (D:3)
  A bat zombie (D:3)
  2 giant cockroaches (D:1)
  10 goblins
  5 hobgoblins
  A quokka (D:2)
  13 bats
  A bat simulacrum (D:3)
  2 frilled lizards (D:1)
  6 kobolds
  10 rats
84 creatures vanquished.

Notes
Turn   | Place    | Note
-------+----------+-------------------------------------------
     0 | D:1      | Infinimo the Centaur Hunter began the quest for the Orb.
     0 | D:1      | Reached XP level 1. HP: 17/17 MP: 1/1
   264 | D:1      | Reached XP level 2. HP: 21/24 MP: 2/2
   788 | D:1      | Reached skill level 6 in Bows
   854 | D:2      | Found a white marble altar of Elyvilon.
   924 | D:2      | Reached XP level 3. HP: 24/30 MP: 3/3
  1755 | D:3      | Reached XP level 4. HP: 32/38 MP: 4/4
  1877 | D:3      | Reached skill level 7 in Bows
  1877 | D:3      | Reached XP level 5. HP: 41/45 MP: 5/5
  2518 | D:3      | Found a shimmering altar of Xom.
  2574 | D:3      | Found a basalt altar of Yredelemnul.
  2574 | D:3      | Found a sparkling altar of Nemelex Xobeh.
  2759 | D:3      | Found a glowing golden altar of the Shining One.
  3193 | D:4      | Noticed Robin
  3997 | D:4      | Reached XP level 6. HP: 20/51 MP: 6/6
  4207 | D:4      | Reached skill level 8 in Bows
  4900 | D:4      | HP: 2/52 [orc wizard/+2 dagger of speed (5)]
  4900 | D:4      | Slain by an orc wizard

Skill      XL: |  1  2  3  4  5  6 |
---------------+-------------------+-----
Bows           | 6 7 8 |  8.2
Dodging        | 2 |  2.7
Fighting       | 3 |  3.8
Stealth        | |  0.4

Action                   |  1- 3 |  4- 6 || total
-------------------------+-------+-------++-------
Melee: Short sword       |   144 |   212 ||   356
       Kick              |    23 |    40 ||    63
 Fire: Shortbow          |       |    45 ||    45
  Use: Scroll            |       |     2 ||     2
  Eat: Chunk             |     2 |     5 ||     7
       Ration            |       |     1 ||     1
Armor: Leather armour    |    79 |   103 ||   182
Dodge: Dodged            |    94 |   171 ||   265
